 Dungeon Crawl Stone Soup version 0.25.1-2-g60ff931df9 (webtiles) character file.

Game seed: 3884578357397581832

769926 Peloso the Minotaur Barricade (level 27, -2/273 HPs)
             Began as a Minotaur Fighter on Aug 1, 2020.
             Was the Champion of Okawaru.
             Slain by a red devil
             ... wielding a +0 demon trident
             ... led by a balrug
              (17 damage)
             ... in Pandemonium on Aug 2, 2020.
             The game lasted 05:03:00 (105686 turns).

Peloso the Minotaur Barricade (Minotaur Fighter)  Turns: 105686, Time: 05:03:00

Health: -2/273     AC:  6    Str: 43    XL:     27
Magic:  38/38      EV: 25    Int: 18    God:    Okawaru [******]
Gold:   9109       SH: 22    Dex: 15    Spells: 26/26 levels left

rFire    + + +     SeeInvis .   b - +7 demon blade "Vowishru" {flame, *Corrode rPois rF+++ rC-}
rCold    . . .     Gourm    .   L - +1 kite shield "Xadiwo" {-Cast MR+ rCorr Str+2}
rNeg     + + +     Faith    +   (no armour)
rPois    +         Spirit   .   X - +0 hat "Biolikor" {*Drain rElec rF+ Str+4}
rElec    +         Reflect  .   C - +2 cloak of Zonysh Ehic {rC+ Slay+2}
rCorr    +         Harm     .   y - +0 pair of gloves of Hide-and-Seek {rPois rN+}
MR       +++..     NoCast   +   I - +2 pair of boots {run}
Stlth    ++++......             p - amulet "Ywohugh" {Faith Str+4 Int+7 Slay+4}
HPRegen  0.55/turn              W - ring "Piqoh" {rN+ Int+6}
MPRegen  0.26/turn              V - ring "Qerofaeh" {rN+ Dex+2}

@: heroism, corroded, quick
A: retaliatory headbutt, horns 2, agile 1, subdued magic 1
}: 3/15 runes: decaying, silver, gossamer
a: Heroism, Finesse, Renounce Religion


You were in Pandemonium.
You worshipped Okawaru.
Okawaru was exalted by your worship.
You were hungry.

You visited 12 branches of the dungeon, and saw 60 of its levels.
You visited Pandemonium 1 time, and saw 1 of its levels.
You visited the Abyss 1 time.
You also visited: Wizlab and Desolation.

You collected 10449 gold pieces.
You spent 1340 gold pieces at shops.

Inventory:

Hand Weapons
 a - a +9 double sword of electrocution
 b - the +7 demon blade "Vowishru" (weapon) {flame, *Corrode rPois rF+++ rC-}
   (Okawaru gifted it to you on level 3 of the Elven Halls)

   It has been specially enchanted to burn those struck by it, causing extra
   injury to most foes and up to half again as much damage against particularly
   susceptible opponents.
   Big, fiery blades are also staple armaments of hydra-hunters.
   It renders you almost immune to fire.
   It makes you vulnerable to cold.
   It protects you from poison.
   It may corrode you when you take damage.
 j - the +9 long sword of the Modern Curses {drain, *Noise rF+ rN++ MR+}
   (Okawaru gifted it to you in the Vestibule of Hell)

   A truly terrible weapon, it drains the life of those it strikes.
   It protects you from fire.
   It greatly protects you from negative energy.
   It affects your resistance to hostile enchantments.
   It may make noises in combat.
 v - a +7 eudemon blade of holy wrath
Armour
 n - +8 gold dragon scales
 u - a +0 kite shield of reflection
 y - the +0 pair of gloves of Hide-and-Seek (worn) {rPois rN+}
   (You found it on level 1 of the Elven Halls)

   It protects you from poison.
   It protects you from negative energy.
 z - the +1 hat "Sicsidiq" {rF- Int+4 Slay+5}
   (Okawaru gifted it to you on level 1 of Gehenna)

   It affects your intelligence (+4).
   It affects your accuracy and damage with ranged weapons and melee attacks
   (+5).
   It makes you vulnerable to fire.
 A - the cursed +0 crystal plate armour of Lilacs {rC- Int+4 Dex+9 Slay-3, unknown}
   (You found it in Pandemonium)

   It affects your intelligence (+4).
   It affects your dexterity (+9).
   It affects your accuracy and damage with ranged weapons and melee attacks
   (-3).
   It makes you vulnerable to cold.
   It has a curse placed upon it.
 C - the +2 cloak of Zonysh Ehic (worn) {rC+ Slay+2}
   (Okawaru gifted it to you on level 3 of the Elven Halls)

   It affects your accuracy and damage with ranged weapons and melee attacks
   (+2).
   It protects you from cold.
 I - a +2 pair of boots of running (worn)
 J - a +2 cloak of preservation
 L - the +1 kite shield "Xadiwo" (worn) {-Cast MR+ rCorr Str+2}
   (You found it on level 3 of the Depths)

   It affects your strength (+2).
   It affects your resistance to hostile enchantments.
   It prevents spellcasting.
   It provides partial protection from all sources of acid and corrosion.
 X - the +0 hat "Biolikor" (worn) {*Drain rElec rF+ Str+4}
   (Okawaru gifted it to you on level 2 of the Swamp)

   It affects your strength (+4).
   It protects you from fire.
   It insulates you from electricity.
   It causes draining when unequipped.
Jewellery
 g - an uncursed ring of flight
 i - an uncursed ring of see invisible
 p - the amulet "Ywohugh" (around neck) {Faith Str+4 Int+7 Slay+4}
   (You took it off a ragged hierophant in the Desolation of Salt)

   [amulet of faith]

   It allows you to gain divine favour quickly.
   It affects your strength (+4).
   It affects your intelligence (+7).
   It affects your accuracy and damage with ranged weapons and melee attacks
   (+4).
 U - a +6 ring of strength
 V - the ring "Qerofaeh" (right hand) {rN+ Dex+2}
   (You found it on level 3 of the Crypt)

   [ring of positive energy]

   It affects your dexterity (+2).
   It protects you from negative energy.
 W - the ring "Piqoh" (left hand) {rN+ Int+6}
   (You found it on level 3 of the Crypt)

   [ring of positive energy]

   It affects your intelligence (+6).
   It protects you from negative energy.
Wands
 c - a wand of random effects (20)
 e - a wand of digging (5)
Scrolls
 h - 7 scrolls of blinking
 k - 9 scrolls of teleportation
 o - a scroll of enchant weapon
 q - 3 scrolls of summoning
 r - 27 scrolls of remove curse
 w - 11 scrolls of fear
 x - 19 scrolls of identify
 O - a scroll of acquirement
 P - a scroll of magic mapping
 R - a scroll of noise
Potions
 d - 8 potions of might
 l - 6 potions of flight
 m - a potion of heal wounds
 s - 8 potions of mutation
 t - a potion of berserk rage
 D - 22 potions of curing
 E - 3 potions of resistance
 K - 8 potions of stabbing
 M - 15 potions of haste
Comestibles
 f - 68 rations


   Skills:
 O Level 27 Fighting
 O Level 27 Long Blades
 O Level 27 Armour
 + Level 13.0(18.0) Dodging
 + Level 4.3(9.3) Stealth
 O Level 27 Shields
 + Level 24.0 Invocations
 + Level 2.0 Evocations


You had 26 spell levels left.
You didn't know any spells.
Your spell library contained the following spells:

 Spells                   Type           Power        Failure   Level  Hunger
 Animate Skeleton         Necr           N/A          19%         1    ##.....
 Apportation              Tloc           #.....       19%         1    ##.....
 Beastly Appendage        Tmut           #.....       19%         1    ##.....
 Corona                   Hex            #......      19%         1    ##.....
 Foxfire                  Conj/Fire      #...         19%         1    ##.....
 Freeze                   Ice            #...         19%         1    ##.....
 Infusion                 Chrm           #...         19%         1    ##.....
 Magic Dart               Conj           #...         19%         1    ##.....
 Sandblast                Erth           #.....       19%         1    ##.....
 Shock                    Conj/Air       #...         19%         1    ##.....
 Sting                    Tmut/Pois      #...         19%         1    ##.....
 Summon Butterflies       Summ           #.......     19%         1    ##.....
 Summon Small Mammal      Summ           #...         19%         1    ##.....
 Blink                    Tloc           N/A          28%         2    ###....
 Call Imp                 Summ           #.......     28%         2    ###....
 Corpse Rot               Necr/Air       N/A          28%         2    ###....
 Ensorcelled Hibernation  Hex/Ice        #.....       28%         2    ###....
 Passwall                 Tmut/Erth      #.......     28%         2    ###....
 Poisonous Vapours        Pois/Air       #.....       28%         2    ###....
 Searing Ray              Conj           #.....       28%         2    ###....
 Shroud of Golubria       Chrm/Tloc      #.....       28%         2    ###....
 Slow                     Hex            #.......     28%         2    ###....
 Sticks to Snakes         Tmut           #.......     28%         2    ###....
 Sublimation of Blood     Necr           #.........   28%         2    ###....
 Swiftness                Chrm/Air       #.......     28%         2    ###....
 Call Canine Familiar     Summ           #.......     50%         3    ####...
 Confusing Touch          Hex            #.......     50%         3    ####...
 Conjure Flame            Conj/Fire      #.......     50%         3    ####...
 Dazzling Flash           Conj/Hex       #.....       50%         3    ####...
 Frozen Ramparts          Ice            #.....       50%         3    ####...
 Gell's Gravitas          Tloc           #.........   50%         3    ####...
 Ignite Poison            Fire/Tmut/Pois #.......     50%         3    ####...
 Inner Flame              Hex/Fire       #.......     50%         3    ####...
 Lesser Beckoning         Tloc           #.........   50%         3    ####...
 Mephitic Cloud           Conj/Pois/Air  #.......     50%         3    ####...
 Ozocubu's Armour         Chrm/Ice       #.......     50%         3    ####...
 Portal Projectile        Hex/Tloc       #.....       50%         3    ####...
 Recall                   Summ/Tloc      N/A          50%         3    ####...
 Spider Form              Tmut/Pois      #.........   50%         3    ####...
 Static Discharge         Conj/Air       #.......     50%         3    ####...
 Stone Arrow              Conj/Erth      #.....       50%         3    ####...
 Summon Guardian Golem    Hex/Summ       #.......     50%         3    ####...
 Teleport Other           Tloc           #.......     50%         3    ####...
 Airstrike                Air            #.........   89%         4    #####..
 Cause Fear               Hex            #.........   89%         4    #####..
 Fulminant Prism          Conj/Hex       #.........   89%         4    #####..
 Hailstorm                Conj/Ice       #.......     89%         4    #####..
 Ice Form                 Ice/Tmut       #.......     89%         4    #####..
 Iskenderun's Mystic Bla  Conj/Tloc      #.......     89%         4    #####..
 Leda's Liquefaction      Hex/Erth       #.........   89%         4    #####..
 Olgreb's Toxic Radiance  Pois           #.......     89%         4    #####..
 Passage of Golubria      Tloc           N/A          89%         4    #####..
 Petrify                  Tmut/Erth      #.......     89%         4    #####..
 Sticky Flame             Conj/Fire      #.......     89%         4    #####..
 Summon Ice Beast         Ice/Summ       #.......     89%         4    #####..
 Summon Lightning Spire   Summ/Air       #.......     89%         4    #####..
 Alistair's Intoxication  Tmut/Pois      #.......     99%         5    ######.
 Blade Hands              Tmut           #.........   99%         5    ######.
 Bolt of Magma            Conj/Fire/Erth #.........   99%         5    ######.
 Borgnjor's Vile Clutch   Necr/Erth      #.........   99%         5    ######.
 Fireball                 Conj/Fire      #.........   99%         5    ######.
 Irradiate                Conj/Tmut      #.........   99%         5    ######.
 Lee's Rapid Deconstruct  Erth           #.........   99%         5    ######.
 Lightning Bolt           Conj/Air       #.........   99%         5    ######.
 Metabolic Englaciation   Hex/Ice        #.........   99%         5    ######.
 Silence                  Hex/Air        #.........   99%         5    ######.
 Summon Forest            Summ/Tloc      #.........   99%         5    ######.
 Summon Mana Viper        Hex/Summ       #.......     99%         5    ######.
 Yara's Violent Unravell  Hex/Tmut       #.........   99%         5    ######.
 Conjure Ball Lightning   Conj/Air       #.........   100%        6    #######
 Darkness                 Hex            #.........   100%        6    #######
 Dispersal                Tloc           #.........   100%        6    #######
 Eringya's Noxious Bog    Tmut/Pois      #.........   100%        6    #######
 Freezing Cloud           Conj/Ice/Air   #.........   100%        6    #######
 Hydra Form               Tmut           #.........   100%        6    #######
 Shadow Creatures         Summ           N/A          100%        6    #######
 Haunt                    Necr/Summ      #.........   100%        7    #######
 Ring of Flames           Chrm/Fire      #.........   100%        7    #######
 Spellforged Servitor     Conj/Summ      #.........   100%        7    #######
 Summon Hydra             Summ           #.........   100%        7    #######
 Borgnjor's Revivificati  Necr           #.........   100%        8    #######
 Controlled Blink         Tloc           N/A          100%        8    #######
 Death's Door             Chrm/Necr      #.........   100%        8    #######
 Discord                  Hex            #.........   100%        8    #######
 Disjunction              Tloc           #.........   100%        8    #######
 Infestation              Necr           #.........   100%        8    #######
 Necromutation            Tmut/Necr      #.........   100%        8    #######
 Dragon's Call            Summ           #.........   100%        9    #######
 Shatter                  Erth           #.........   100%        9    #######


Dungeon Overview and Level Annotations

Branches:
Dungeon (15/15)            Temple (0/1) D:6            Lair (6/6) D:8
  Swamp (4/4) Lair:4       Spider (4/4) Lair:4        Slime (0/5) Lair:6
    Orc (2/2) D:11            Elf (3/3) Orc:2        Vaults (5/5) D:14
  Crypt (3/3) Vaults:3       Tomb (0/3) Crypt:3      Depths (5/5) D:15
   Hell (visited)             Dis (0/7) Hell            Geh (7/7) Hell
    Coc (0/7) Hell            Tar (0/7) Hell            Zot (5/5) Depths:5
 WizLab (visited)         Desolation (visited)

Altars:
Ashenzari
Dithmenos
Gozag
Kikubaaqudgha
Okawaru
Ru
Sif Muna
Uskayaw
Vehumet
Wu Jian
Yredelemnul
Zin
The Shining One
Beogh
Jiyva

Shops:
D:14 *   Orc:2 !*(:[*}%   Elf:3 **?   Vaults:2 ?   Vaults:3 =   Depths:4 *

Portals:
Hell: Depths:1 Depths:2 Depths:3 Depths:4 Depths:5
Abyss: Depths:4 Depths:5
Pandemonium: Depths:3 Depths:5
Ziggurat: Depths:1

Annotations:
Depths:3 1 runed translucent door


Innate Abilities, Weirdness & Mutations

You reflexively headbutt those who attack you in melee.
You have a pair of horns on your head.
You are agile. (Dex +2)
Your spells are a little easier to cast, but a little less powerful.


Message History

The balrug shouts!
You open the balrug like a pillowcase!!!
You kill the balrug!
Okawaru accepts your kill.
Your base Dodging skill increases to level 13!
You block the red devil's attack.
Unknown command.
You hit the ufetubus. You burn the ufetubus.
You kill the ufetubus!
The balrug gestures at you. Something smites you!
* * * LOW HITPOINT WARNING * * *
Unknown command.
You close the door, pushing everything out of the way.
Something unseen opens the door.
You block the red devil's attack.
You slice the ynoxinul!! You burn the ynoxinul. You headbutt the ynoxinul.
The ynoxinul is almost dead.
You block the ynoxinul's attack. You block the red devil's attack.
The red devil hits you from afar with a +0 demon trident!
You die...

#################################
.................................
.................................
..............#######..........).
..#####.......#:..|.#.......#####
..# #.......#..:..#.......# # ..#
#########:@}|.######### # ..#
##########3####### # ..###
......35.44...... ### ....#
#.#.#.4.5...#.#. #.. ....#
##....2.......... #.. ....#
##................ #.. ....#
.........###...... #.. ....#
#.......## #..... #.. ....#
........# ..... #..


You could see a ynoxinul, 2 red devils and an ufetubus (summoned).

Vanquished Creatures
  An orb of fire (Zot:2)
  2 juggernauts
  8 ancient liches
  Mennas (Vaults:4)
  Sojobo (Crypt:3)
  Boris (Crypt:3)
  2 Killer Klowns
  Saint Roka (Vaults:4)
  the Lernaean hydra (Swamp:3)
  Frederick (Vaults:2)
  Geryon (Hell)
  Xtahua (Crypt:2)
  3 curse toes
  9 golden dragons
  Jory (Vaults:2)
  3 bone dragons
  11 liches
  An electric golem (Zot:1)
  32 Brimstone Fiends
  Jorgrun (Swamp:1)
  Asterion (Vaults:2)
  26 tentacled monstrosities
  2 deep elf master archers (Elf:3)
  4 titans
  4 deep elf blademasters
  3 quicksilver dragons
  2 thorn hunters (Swamp:4)
  An ancient champion (Crypt:1)
  5 sphinxes
  4 tentacled starspawn
  Agnes (Elf:1)
  Kirke (Elf:1)
  6 death cobs
  A sphinx (shapeshifter) (Elf:1)
  13 tengu reavers
  Roxanne (Elf:2)
  20 storm dragons
  13 shadow dragons
  Donald (Spider:4)
  9 draconian monks
  8 ghost moths
  An iron dragon (Depths:4)
  9 fire giants
  12 frost giants
  3 revenants
  14 vault wardens
  6 draconian knights
  3 cacodemons
  9 draconian scorchers
  19 balrugs
  5 deep elf sorcerers
  4 emperor scorpions
  5 imperial myrmidons (Desolation)
  2 orc warlords (Orc:1)
  7 deep elf elementalists
  A juggernaut zombie (Depths:4)
  3 curse skulls
  5 ghouls
  17 ironheart preservers
  2 draconian stormcallers (Zot:3)
  2 draconian shifters
  6 war gargoyles
  2 spriggan defenders
  6 very ugly things
  9 draconian annihilators
  16 reapers
  22 stone giants
  The ghost of Tomui the Fencer, a journeyman TeBe of Trog (Depths:3)
  12 vampire knights
  An entropy weaver (Vaults:2)
  A juggernaut skeleton (Depths:4)
  9 green draconians
  11 white draconians
  11 deep elf annihilators
  8 black draconians
  11 deep elf demonologists
  2 halazid warlocks (Desolation)
  11 red draconians
  4 yellow draconians
  The ghost of Ebobla the Fencer, a journeyman DsBe of Trog (Elf:1)
  Azrael (Elf:1)
  3 spark wasps
  2 lorocyprocas
  13 purple draconians
  2 eidola
  A crystal guardian (Vaults:5)
  A merfolk javelineer (Depths:2)
  18 ettins
  A merfolk impaler (Depths:5)
  5 deep elf death magi
  A blizzard demon (Depths:3)
  13 ogre magi
  14 fire dragons
  6 quicksilver dragon zombies
  14 yaktaur captains
  11 jiangshi
  9 ragged hierophants
  A kraken zombie (Hell)
  10 great orbs of eyes
  5 servants of whispers (Desolation)
  5 rakshasas
  5 peacekeepers (Desolation)
  11 deep elf high priests
  Erolcha (D:9)
  3 quicksilver dragon skeletons
  6 shambling mangroves
  2 spriggan air magi
  A ghost crab (Swamp:4)
  A hydra (shapeshifter) (Vaults:4)
  31 hydras
  31 vault guards
  9 centaur warriors
  A hell beast (Depths:1)
  16 ice dragons
  A juggernaut simulacrum (Depths:3)
  38 two-headed ogres
  6 alligators
  2 death knights
  10 deep troll shamans
  5 death yaks (Lair:2)
  33 dancing weapons
  2 two-headed ogres (shapeshifter)
  6 tengu warriors
  10 vampire magi
  5 thrashing horrors
  8 deep troll earth magi
  4 titan zombies
  48 hell hogs
  40 hell knights
  5 orc high priests
  2 spriggan berserkers
  7 storm dragon zombies
  2 iron golems (Hell)
  5 soul eaters
  22 deep elf knights
  37 sun demons
  5 titan skeletons
  Nergalle (Lair:3)
  An iron troll (Depths:1)
  3 shadow wraiths
  A salamander mystic (Depths:2)
  2 storm dragon skeletons
  51 skeletal warriors
  28 deep trolls
  An unseen horror (shapeshifter) (Vaults:3)
  A swamp dragon (shapeshifter) (Depths:3)
  3 sixfirhies
  12 swamp dragons
  17 flayed ghosts
  3 spriggan druids
  2 ghost moth zombies
  14 unseen horrors
  7 glowing orange brains
  2 anaconda zombies
  A death drake (Swamp:3)
  A quicksilver dragon simulacrum (Hell)
  A glowing orange brain (shapeshifter) (Vaults:2)
  An orange crystal statue (Depths:2)
  A spectral hydra (Swamp:3)
  8 wizards
  7 anaconda skeletons
  4 lindwurms
  18 deep elf archers
  2 tengu zombies
  An obsidian statue (WizLab)
  12 phantasmal warriors
  3 golden dragon skeletons
  A tengu skeleton (Vaults:3)
  15 ironbrand convokers
  4 shadow dragon zombies
  3 wolf spider zombies
  5 harpies (Vaults:2)
  21 orc knights
  70 deep elf magi
  A mana viper (WizLab)
  4 iron dragon zombies
  9 shadow dragon skeletons
  6 orc sorcerers
  21 necromancers
  A shining eye (shapeshifter) (Depths:4)
  4 fire giant zombies
  8 orb spiders
  4 stone giant zombies
  50 ugly things
  35 wolf spiders
  9 cyclopes
  2 manticores
  2 salamanders (Depths:2)
  25 moths of wrath
  7 iron dragon skeletons
  19 fire giant skeletons
  3 guardian serpents
  3 dire elephant zombies
  An elephant (shapeshifter) (Elf:1)
  2 shock serpent zombies
  6 stone giant skeletons
  3 black mambas (Lair:4)
  13 molten gargoyles
  A guardian serpent (shapeshifter) (Vaults:5)
  9 orange demons
  13 smoke demons
  5 gargoyles
  3 frost giant skeletons
  6 torpor snails
  15 rust devils
  17 spiny frogs
  A shock serpent skeleton (Geh:7)
  18 vault sentinels
  An emperor scorpion zombie (Geh:2)
  A spark wasp simulacrum (Depths:1)
  A komodo dragon (shapeshifter) (D:14)
  9 rime drakes
  A catoblepas zombie (Geh:3)
  12 efreet
  A rime drake (shapeshifter) (Depths:4)
  76 yaktaurs
  19 hellions
  9 komodo dragons
  A yaktaur (shapeshifter) (Elf:1)
  2 tengu conjurers (Depths:3)
  7 freezing wraiths
  A hellwing (Depths:5)
  8 ice devils
  An alligator snapping turtle skeleton (Crypt:2)
  13 tormentors
  A harpy zombie (Geh:4)
  7 demonic crawlers
  3 dire elephant skeletons
  4 swamp worm zombies (Swamp:3)
  A minotaur skeleton (Geh:2)
  A purple draconian skeleton (Geh:7)
  8 small abominations
  10 human skeletons
  5 hydra zombies
  3 ancient zymes
  54 red devils
  13 trolls
  A spriggan skeleton (Depths:1)
  28 jumping spiders
  37 hornets
  2 jumping spiders (shapeshifter)
  A polar bear (Lair:3)
  14 tyrant leeches
  A catoblepas skeleton (Geh:4)
  5 harpy skeletons
  2 blink frogs (shapeshifter)
  4 fire dragon zombies
  A wolf spider simulacrum (Crypt:2)
  2 hydra skeletons
  15 bog bodies
  36 slime creatures
  An iron dragon simulacrum (Hell)
  44 saltlings
  14 hippogriffs
  21 blink frogs
  4 ettin zombies
  6 ice dragon zombies
  5 alligator zombies
  7 fire dragon skeletons
  80 flying skulls
  5 spectral swamp dragons (Swamp:3)
  6 starcursed masses (Abyss:2)
  A black mamba zombie (Hell)
  6 ice dragon skeletons
  20 tarantellas
  58 redbacks
  32 wraiths
  An alligator skeleton (Geh:3)
  An air elemental (Elf:2)
  3 fire bats (Abyss:2)
  27 shadows
  A wyvern (shapeshifter) (Elf:1)
  5 ettin skeletons
  7 vampires (Crypt:3)
  9 spriggans
  14 water elementals
  Eustachio (D:6)
  46 fire elementals
  31 yaks
  3 wyverns
  6 hogs (Elf:1)
  6 ynoxinuls
  12 large abominations
  2 chaos spawn (Abyss:2)
  A golden eye (shapeshifter) (Vaults:1)
  4 tyrant leech zombies (Swamp:3)
  2 steam dragons (D:13)
  2 black mamba skeletons
  A human (shapeshifter) (Vaults:4)
  A golden eye (Abyss:2)
  2 basilisks
  7 hungry ghosts
  3 neqoxecs
  9 vampire mosquitoes
  Menkaure (D:4)
  A steam dragon (shapeshifter) (Elf:1)
  A yaktaur simulacrum (Vaults:2)
  A deep troll zombie (Crypt:1)
  6 wargs
  A water moccasin (shapeshifter) (Depths:4)
  4 spatial vortices (WizLab)
  A spriggan simulacrum (Depths:1)
  19 swamp worms
  12 insubstantial wisps
  10 spiny frog zombies
  6 acid dragons
  Duvessa (D:5)
  47 hell hounds
  3 porcupines
  12 water moccasins
  66 orc warriors
  A swamp dragon zombie (Geh:7)
  8 swamp drakes
  3 ice beasts
  2 spiny frog skeletons
  An ice dragon simulacrum (Depths:1)
  3 manticore zombies
  5 sky beasts
  10 phantoms
  4 black bears
  6 snapping turtle zombies
  An eye of draining (shapeshifter) (Depths:1)
  15 necrophages
  35 ogres
  A boggart (shapeshifter) (Elf:1)
  A hog zombie (Crypt:2)
  2 snapping turtle skeletons
  A boggart (Depths:1)
  15 centaurs
  3 manticore skeletons
  2 centaurs (shapeshifter)
  2 swamp dragon skeletons
  15 crocodiles
  An elf zombie (Geh:4)
  5 big kobolds
  A bullfrog (shapeshifter) (Elf:1)
  2 earth elementals (Elf:1)
  20 bullfrogs
  A wyvern zombie (D:11)
  Dowan (D:5)
  A draconian skeleton (Crypt:2)
  A spiny frog simulacrum (Hell)
  2 spriggan zombies (Swamp:3)
  3 troll zombies (Swamp:3)
  A hornet simulacrum (D:10)
  4 scorpions
  A water moccasin skeleton (Crypt:2)
  A warg skeleton (Crypt:2)
  11 killer bees
  2 howler monkeys
  6 troll skeletons
  70 wights
  4 centaur zombies
  4 lava snakes (D:13)
  17 crimson imps
  3 bullfrog zombies
  2 human zombies
  5 hounds
  24 orc priests
  4 centaur skeletons
  An iron imp (Abyss:2)
  3 jellies
  38 orc wizards
  Jessica (D:3)
  A bullfrog skeleton (D:12)
  7 iguanas
  An iguana (shapeshifter) (Elf:1)
  7 worker ants
  10 hell rats
  A naga zombie (Geh:3)
  A naga skeleton (Geh:6)
  2 ogre skeletons
  A hound zombie (D:7)
  A hound skeleton (D:6)
  2 howler monkey zombies
  2 worker ant zombies (D:11)
  12 adders
  A swamp drake skeleton (Crypt:1)
  2 shadow imps
  An ufetubus (WizLab)
  An ooze (D:1)
  2 adder skeletons
  5 worms
  A barachi zombie (Crypt:1)
  5 leopard geckos
  113 orcs
  6 giant cockroaches
  10 goblins
  10 hobgoblins
  20 jackals
  6 quokkas
  8 bats
  6 frilled lizards
  27 kobolds
  A kobold simulacrum (Hell)
  A leopard gecko skeleton (Crypt:2)
  An orc skeleton (Geh:7)
  A quokka skeleton (Crypt:2)
  11 rats
  A briar patch (Swamp:4)
  A lurking horror (Abyss:2)
  2 plants (Lair:6)
  6 starspawn tentacles
  2 tentacles (Hell)
  A withered plant (Swamp:3)
3499 creatures vanquished.

Vanquished Creatures (others)
  An eldritch tentacle (WizLab)
  A fire giant (Vaults:4)
  A hell hog (Geh:4)
  A storm dragon zombie (Geh:7)
  A deep elf knight (Elf:3)
  A flayed ghost (Geh:5)
  A necromancer (D:14)
  A spiny frog (shapeshifter) (Depths:2)
  A freezing wraith (Vaults:5)
  A tengu conjurer (Depths:2)
  A jumping spider (Spider:2)
  An air elemental (Elf:2)
  A wraith (Geh:5)
  A redback (Spider:2)
  A ynoxinul (Pan)
  A black mamba skeleton (Geh:7)
  A necrophage (Geh:3)
  2 orc warriors (Vaults:5)
  A snapping turtle skeleton (Geh:7)
  2 wights (Geh:5)
  An orc priest (Elf:1)
  2 briar patches (Swamp:4)
  11 fungi
  20 plants
  2 starspawn tentacles
  4 tentacles (Hell)
62 creatures vanquished.

Grand Total: 3561 creatures vanquished

Notes
Turn   | Place    | Note
-------+----------+-------------------------------------------
     0 | D:1      | Peloso the Minotaur Fighter began the quest for the Orb.
     0 | D:1      | Reached XP level 1. HP: 19/19 MP: 0/0
   184 | D:1      | Reached XP level 2. HP: 27/27 MP: 1/1
   830 | D:1      | Reached XP level 3. HP: 33/33 MP: 2/2
  1200 | D:2      | Reached XP level 4. HP: 34/40 MP: 3/3
  1456 | D:2      | Noticed an ogre
  1560 | D:3      | Found a hide-covered altar of Uskayaw.
  1562 | D:3      | Reached skill level 1 in Dodging
  1925 | D:3      | Noticed Jessica
  1973 | D:3      | Reached XP level 5. HP: 9/47 MP: 4/4
  2225 | D:3      | Reached skill level 5 in Shields
  2236 | D:3      | Killed Jessica
  2917 | D:4      | Reached XP level 6. HP: 26/53 MP: 5/5
  3095 | D:4      | Reached skill level 5 in Long Blades
  3132 | D:4      | Reached skill level 5 in Armour
  3134 | D:4      | Found an ornate altar of the Wu Jian Council.
  3243 | D:4      | Reached skill level 5 in Fighting
  3279 | D:4      | Found a glowing golden altar of the Shining One.
  3297 | D:4      | Noticed an angel
  3318 | D:4      | Found a basalt altar of Yredelemnul.
  3320 | D:4      | Noticed a profane servitor
  3408 | D:4      | Reached XP level 7. HP: 61/61 MP: 6/6
  3746 | D:4      | Noticed Menkaure
  3758 | D:4      | Killed Menkaure
  4159 | D:5      | Entered Level 5 of the Dungeon
  4264 | D:5      | Noticed Duvessa
  4264 | D:5      | Noticed Dowan
  4343 | D:5      | Killed Duvessa
  4343 | D:5      | Reached XP level 8. HP: 63/70 MP: 7/7
  4353 | D:5      | Killed Dowan
  4600 | D:5      | Found an iron altar of Okawaru.
  4746 | D:5      | Became a worshipper of Warmaster Okawaru
  5291 | D:5      | Found a sacrificial altar of Ru.
  5298 | D:5      | Found a shattered altar of Ashenzari.
  5298 | D:5      | Found an opulent altar of Gozag.
  5299 | D:5      | Found an ancient bone altar of Kikubaaqudgha.
  5674 | D:2      | Found a shimmering blue altar of Sif Muna.
  5676 | D:2      | Found a glowing silver altar of Zin.
  5885 | D:6      | Noticed Eustachio
  5907 | D:6      | Killed Eustachio
  6364 | D:6      | Reached * piety under Okawaru
  6421 | D:6      | Reached skill level 1 in Stealth
  6425 | D:6      | Found a staircase to the Ecumenical Temple.
  6472 | D:6      | Reached XP level 9. HP: 77/77 MP: 8/8
  7037 | D:7      | Reached ** piety under Okawaru
  7106 | D:7      | Reached skill level 10 in Long Blades
  8724 | D:8      | Reached *** piety under Okawaru
  8724 | D:8      | Reached XP level 10. HP: 86/86 MP: 9/9
  8774 | D:8      | Found a staircase to the Lair.
  9227 | D:8      | Got a shimmering silver ring
  9374 | D:8      | Identified the cursed ring of Manigeq {+Inv AC-4 Str-3
                  | Int-4 Stlth+} (You found it on level 8 of the Dungeon)
  9662 | D:9      | Found a radiant altar of Vehumet.
  9742 | D:9      | Found a shadowy altar of Dithmenos.
  9784 | D:9      | Noticed Erolcha
  9812 | D:9      | HP: 3/86 [something (18)]
  9822 | D:9      | Killed Erolcha
  9822 | D:9      | Reached **** piety under Okawaru
 10532 | D:10     | Entered Level 10 of the Dungeon
 10565 | D:10     | Reached skill level 10 in Shields
 10609 | D:10     | Noticed a two-headed ogre
 10621 | D:10     | Killed a two-headed ogre
 10621 | D:10     | Reached ***** piety under Okawaru
 10865 | D:10     | Noticed a two-headed ogre
 11190 | D:9      | Reached skill level 1 in Invocations
 11190 | D:9      | Reached XP level 11. HP: 87/95 MP: 8/10
 11255 | D:10     | Killed a two-headed ogre
 11613 | D:10     | Noticed a two-headed ogre
 11621 | D:10     | Killed a two-headed ogre
 12005 | D:10     | Received a gift from Okawaru
 12345 | D:11     | Noticed a two-headed ogre
 12364 | D:10     | Killed a two-headed ogre
 12364 | D:10     | Reached skill level 10 in Armour
 12543 | D:11     | Found a staircase to the Orcish Mines.
 13098 | D:11     | Noticed a four-headed hydra
 13118 | D:11     | Killed a 12-headed hydra
 13128 | D:11     | Noticed a two-headed ogre
 13134 | D:11     | Killed a two-headed ogre
 13134 | D:11     | Reached skill level 5 in Dodging
 13616 | D:12     | Got an iridescent falchion
 13617 | D:12     | Identified the +8 falchion of the Desolation of Salt
                  | {venom, rF+} (You found it on level 12 of the Dungeon)
 13666 | D:12     | Reached XP level 12. HP: 95/106 MP: 12/12
 13740 | D:12     | Received a gift from Okawaru
 13783 | D:12     | Reached skill level 10 in Fighting
 15161 | Lair:1   | Entered Level 1 of the Lair of Beasts
 16602 | Lair:2   | Noticed a death yak
 16603 | Lair:2   | Noticed a death yak
 16613 | Lair:2   | Noticed a death yak
 16614 | Lair:2   | Noticed a death yak
 16614 | Lair:2   | Noticed a death yak
 16628 | Lair:2   | Killed a death yak
 16641 | Lair:2   | Killed a death yak
 16649 | Lair:2   | Killed a death yak
 16649 | Lair:2   | Received a gift from Okawaru
 16655 | Lair:2   | Killed a death yak
 16661 | Lair:2   | Killed a death yak
 16926 | Lair:2   | Noticed an eight-headed hydra
 17191 | Orc:1    | Entered Level 1 of the Orcish Mines
 17197 | Orc:1    | Noticed a two-headed ogre
 17478 | D:11     | Killed a two-headed ogre
 17766 | Orc:1    | Reached XP level 13. HP: 116/116 MP: 10/13
 18005 | Orc:1    | Received a gift from Okawaru
 18014 | Orc:1    | Identified a +2 pair of boots of running (Okawaru gifted it
                  | to you on level 1 of the Orcish Mines)
 18151 | Orc:2    | Entered Level 2 of the Orcish Mines
 18151 | Orc:2    | Found Toozaocw's Gadget Shop.
 18151 | Orc:2    | Found a staircase to the Elven Halls.
 18167 | Orc:2    | Bought a wand of digging (6) for 300 gold pieces
 18213 | Orc:2    | Found Ohaitofe's Food Boutique.
 18382 | Orc:1    | Found an iron altar of Okawaru.
 18465 | D:11     | Reached skill level 1 in Evocations
 18485 | D:11     | Got an ichor-stained scimitar
 18488 | D:11     | Identified the +10 scimitar "Earthworm" {vorpal, Str+3}
                  | (You found it on level 11 of the Dungeon)
 18526 | Orc:2    | Found Napud's General Store.
 18906 | Orc:2    | Found a roughly hewn altar of Beogh.
 18911 | Orc:2    | Found Efyement's Distillery.
 18915 | Orc:2    | Noticed an orc warlord
 18969 | Orc:1    | Killed an orc warlord
 19291 | Orc:2    | Bought 2 potions of might for 96 gold pieces
 19544 | Orc:1    | Paralysed by an orc sorcerer for 6 turns
 19550 | Orc:1    | HP: 5/116 [sixfirhy[an orc sorcerer] (11)]
 20389 | Orc:2    | Noticed an orc warlord
 20534 | Orc:1    | Killed an orc warlord
 20534 | Orc:1    | Reached skill level 15 in Long Blades
 21072 | Orc:2    | Found Byvischip's Antique Armour Shoppe.
 21230 | Orc:2    | Found Loybeul's Antique Weapon Emporium.
 21232 | Orc:2    | Found Geshrumi's General Store.
 21232 | Orc:2    | Found Ekiamay's Book Shoppe.
 21623 | D:13     | You fall into a shaft and drop 2 floors!
 21623 | D:15     | Entered Level 15 of the Dungeon
 21623 | D:15     | Found a shadowy altar of Dithmenos.
 21626 | D:15     | Received a gift from Okawaru
 21804 | D:14     | Reached skill level 15 in Shields
 21811 | D:14     | Reached XP level 14. HP: 108/126 MP: 15/15
 22930 | D:13     | Reached ****** piety under Okawaru
 23927 | D:13     | Received a gift from Okawaru
 24740 | D:14     | Found a gate to the Vaults.
 24942 | D:14     | Found Fidask's Assorted Antiques.
 24947 | D:14     | Bought a smoking chain mail for 190 gold pieces
 24947 | D:14     | Bought a scroll labeled PYOHAI ANISHI for 20 gold pieces
 24947 | D:14     | Bought a scroll labeled YKOMEA KEYBI for 20 gold pieces
 24962 | D:14     | Identified the +6 chain mail of Brilliance {rF+ Regen+
                  | Slay+3} (You bought it in a shop on level 14 of the
                  | Dungeon)
 25512 | D:15     | Found a staircase to the Depths.
 25512 | D:15     | Noticed a frost giant
 25522 | D:15     | Killed a frost giant
 26539 | Lair:2   | Reached XP level 15. HP: 136/136 MP: 17/17
 26546 | Lair:2   | Received a gift from Okawaru
 27196 | Lair:3   | Noticed Nergalle
 27202 | Lair:3   | Killed Nergalle
 27739 | Lair:4   | Found a hole to the Spider Nest.
 28007 | Lair:4   | Found a staircase to the Swamp.
 28192 | Lair:4   | Found a hide-covered altar of Uskayaw.
 28969 | Lair:6   | Entered Level 6 of the Lair of Beasts
 29566 | Lair:6   | Found a viscous altar of Jiyva.
 29566 | Lair:6   | Found a staircase to the Slime Pits.
 29963 | Lair:6   | Received a gift from Okawaru
 29967 | Lair:6   | Got an ichor-stained double sword {god gift}
 29968 | Lair:6   | Identified the +1 double sword of Invincibility {drain,
                  | Dex+4} (Okawaru gifted it to you on level 6 of the Lair of
                  | Beasts)
 30008 | Lair:6   | Found a runed translucent door.
 30960 | Elf:1    | Entered Level 1 of the Elven Halls
 31082 | Elf:1    | Received a gift from Okawaru
 31092 | Elf:1    | Noticed Kirke
 31122 | Elf:1    | Killed Kirke
 31476 | Elf:1    | Noticed a deep elf sorcerer
 31480 | Elf:1    | Killed a deep elf sorcerer
 31482 | Elf:1    | Identified the Grimoire of Attacks
 31579 | Elf:1    | Noticed Azrael
 31598 | Elf:1    | Killed Azrael
 31598 | Elf:1    | Reached XP level 16. HP: 26/146 MP: 15/18
 32051 | Elf:1    | Found a runed translucent gate.
 32051 | Elf:1    | Found a runed translucent gate.
 32051 | Elf:1    | Found a runed translucent gate.
 32051 | Elf:1    | Noticed a tentacled monstrosity
 32051 | Elf:1    | Noticed a tentacled monstrosity
 32051 | Elf:1    | Noticed a tentacled monstrosity
 32052 | Elf:1    | Noticed a tentacled monstrosity
 32463 | Elf:1    | Noticed Agnes
 32470 | Elf:1    | Killed Agnes
 32470 | Elf:1    | Received a gift from Okawaru
 32898 | Elf:2    | Reached skill level 15 in Armour
 33195 | Elf:2    | Found a huge runed translucent gate.
 33195 | Elf:2    | Found a huge runed translucent gate.
 33195 | Elf:2    | Found a huge runed translucent gate.
 33205 | Elf:2    | Found a huge runed translucent gate.
 33209 | Elf:2    | Found a huge runed translucent gate.
 33285 | Elf:2    | Noticed Roxanne
 33489 | Elf:2    | Killed Roxanne
 33681 | Elf:2    | Reached skill level 15 in Fighting
 33840 | Elf:3    | Entered Level 3 of the Elven Halls
 34023 | Elf:3    | Received a gift from Okawaru
 34053 | Elf:3    | Found Viup's General Store.
 34070 | Elf:3    | Found Dungep's Magic Scroll Shoppe.
 34148 | Elf:3    | Got a shimmering hat {god gift}
 34159 | Elf:3    | Identified the +0 hat of Supple Strength {SInv} (Okawaru
                  | gifted it to you on level 3 of the Elven Halls)
 34258 | Elf:3    | Bought a scroll of identify for 24 gold pieces
 34316 | Elf:3    | Found Neoh's General Store.
 35195 | Elf:3    | Reached XP level 17. HP: 128/156 MP: 19/19
 35203 | Elf:3    | Noticed a deep elf blademaster
 35263 | Elf:3    | Killed a deep elf blademaster
 35551 | Elf:3    | Noticed a deep elf blademaster
 35559 | Elf:3    | Received a gift from Okawaru
 35746 | Elf:2    | Killed a deep elf blademaster
 35865 | Elf:3    | Noticed a deep elf master archer
 35882 | Elf:3    | HP: 6/158 [deep elf master archer/arrow (8)]
 35884 | Elf:3    | Killed a deep elf master archer
 36195 | Elf:3    | Noticed a deep elf blademaster
 36213 | Elf:3    | Killed a deep elf blademaster
 36531 | Elf:3    | Got a heavily runed cloak {god gift}
 36542 | Elf:3    | Identified the +2 cloak of Zonysh Ehic {rC+ Slay+2}
                  | (Okawaru gifted it to you on level 3 of the Elven Halls)
 36573 | Elf:3    | Identified the ring "Zadwogh" {Ice rN+ MR- Int+2}
 36578 | Elf:3    | Noticed a Brimstone Fiend
 36584 | Elf:3    | Noticed a deep elf master archer
 36586 | Elf:3    | Noticed a Hell Sentinel
 37159 | Elf:3    | Gained mutation: Your spells are a little easier to cast,
                  | but a little less powerful. [a neqoxec]
 37206 | Elf:3    | Killed a deep elf master archer
 37206 | Elf:3    | Received a gift from Okawaru
 37213 | Elf:3    | Got an ancient demon blade {god gift}
 37214 | Elf:3    | Identified the +7 demon blade "Vowishru" {flame, *Corrode
                  | rPois rF+++ rC-} (Okawaru gifted it to you on level 3 of
                  | the Elven Halls)
 37290 | Elf:3    | Noticed a deep elf blademaster
 37308 | Elf:3    | Noticed a Hell Sentinel
 37309 | Elf:3    | Cast into level 2 of the Abyss (a deep elf demonologist)
 37385 | Abyss:2  | Found an ornate altar of the Wu Jian Council.
 37971 | Abyss:2  | Noticed a lich
 37979 | Elf:3    | Escaped the Abyss
 37981 | Elf:3    | Noticed an Ice Fiend
 38221 | Elf:3    | Received a gift from Okawaru
 38226 | Elf:3    | Killed a deep elf blademaster
 38226 | Elf:3    | Reached XP level 18. HP: 157/168 MP: 20/20
 38230 | Elf:3    | Got a smouldering plate armour {god gift}
 38256 | Elf:3    | Identified Bamegac's Grimoire of Transmutation and the
                  | Rocks
 38272 | Elf:3    | Identified the Tome of Cloudy Talismans
 38463 | Elf:3    | Identified the +2 plate armour "Meemn" {+Fly Str-5 Int+6
                  | Stlth+} (Okawaru gifted it to you on level 3 of the Elven
                  | Halls)
 39438 | Swamp:1  | Entered Level 1 of the Swamp
 39864 | Swamp:1  | Noticed Jorgrun
 39893 | Swamp:1  | Killed Jorgrun
 40214 | Swamp:2  | Found a radiant altar of Vehumet.
 40356 | Swamp:2  | Received a gift from Okawaru
 40359 | Swamp:2  | Got a faintly humming hat {god gift}
 40370 | Swamp:2  | Identified the +0 hat "Biolikor" {*Drain rElec rF+ Str+4}
                  | (Okawaru gifted it to you on level 2 of the Swamp)
 40558 | Swamp:2  | Identified a scroll of acquirement
 41603 | Swamp:3  | Found a hide-covered altar of Uskayaw.
 41804 | Swamp:3  | Paralysed by a hornet for 3 turns
 42698 | Swamp:4  | Entered Level 4 of the Swamp
 43161 | Swamp:4  | Noticed the 27-headed Lernaean hydra
 43185 | Swamp:3  | Killed the 21-headed Lernaean hydra
 43185 | Swamp:3  | Received a gift from Okawaru
 43399 | Swamp:4  | Reached XP level 19. HP: 173/178 MP: 21/21
 43954 | Swamp:4  | Received a gift from Okawaru
 44020 | Swamp:4  | Got a decaying rune of Zot
 44839 | Elf:1    | Found a runed translucent gate.
 44839 | Elf:1    | Found a runed translucent gate.
 44849 | Elf:1    | Found a runed translucent gate.
 44849 | Elf:1    | Noticed Ebobla's ghost (journeyman DsBe)
 44885 | Elf:1    | Gained mutation: You are weak. (Str -2) [a cacodemon]
 44895 | Elf:1    | Gained mutation: Your body sometimes deteriorates upon
                  | taking damage. [a cacodemon]
 44912 | Elf:1    | Killed Ebobla's ghost
 45139 | Elf:1    | Got a pair of warped gloves
 45153 | Elf:1    | Identified the cursed +0 pair of gloves of Hide-and-Seek
                  | {rPois rN+} (You found it on level 1 of the Elven Halls)
 45166 | Elf:1    | Lost mutation: Your body sometimes deteriorates upon taking
                  | damage. [potion of mutation]
 45166 | Elf:1    | Lost mutation: You are weak. (Str -2) [potion of mutation]
 45166 | Elf:1    | Gained mutation: You are agile. (Dex +2) [potion of
                  | mutation]
 45516 | Spider:1 | Entered Level 1 of the Spider Nest
 45611 | Spider:1 | You fall into a shaft and drop 1 floor!
 45734 | Spider:2 | Received a gift from Okawaru
 45891 | Spider:2 | Received a gift from Okawaru
 47178 | Spider:4 | Entered Level 4 of the Spider Nest
 47322 | Spider:4 | Noticed Donald
 47334 | Spider:4 | Killed Donald
 47555 | Spider:4 | Reached XP level 20. HP: 188/188 MP: 0/22
 47640 | Spider:4 | Received a gift from Okawaru
 48307 | Spider:4 | Got a gossamer rune of Zot
 48758 | Vaults:1 | Entered Level 1 of the Vaults
 48819 | Vaults:1 | Found a ruined gateway.
 48895 | Desolati | Entered the Desolation of Salt
 48992 | Desolati | Reached skill level 10 in Dodging
 49064 | Desolati | Received a gift from Okawaru
 49064 | Desolati | Reached skill level 5 in Invocations
 49392 | Desolati | Got a brightly glowing kite shield {god gift}
 49399 | Desolati | Identified the +4 kite shield "Qanion Vokou" {Str+3}
                  | (Okawaru gifted it to you in the Desolation of Salt)
 49614 | Desolati | Identified the ring of Teiniclaet {+Inv MR+ EV+4}
 49837 | Desolati | Identified Keckyurgh's Volume of Creative Feathers
 50073 | Desolati | Identified the amulet "Ywohugh" {Faith Str+4 Int+7 Slay+4}
 51062 | Vaults:1 | Received a gift from Okawaru
 51152 | Vaults:1 | Identified the +5 long sword "Puoru" {flame, rElec rN+ MR-}
                  | (Okawaru gifted it to you on level 1 of the Vaults)
 52193 | Vaults:1 | Reached XP level 21. HP: 196/199 MP: 23/23
 52594 | Vaults:2 | Received a gift from Okawaru
 53064 | Vaults:2 | Noticed Asterion
 53075 | Vaults:2 | Killed Asterion
 53218 | Vaults:2 | Found Gonichaf's Magic Scroll Boutique.
 53236 | Vaults:2 | Noticed Jory
 53237 | Vaults:2 | Noticed Frederick
 53254 | Vaults:2 | Killed Jory
 53260 | Vaults:2 | Killed Frederick
 53810 | Vaults:2 | Found the +6 arbalest "Damnation" {damnation}
 53991 | Vaults:3 | Found Wimowuf's Jewellery Boutique.
 53998 | Vaults:3 | Bought a cursed ring of teleportation for 63 gold pieces
 54435 | Vaults:3 | Received a gift from Okawaru
 54458 | Vaults:3 | Got a shimmering crystal plate armour {god gift}
 54469 | Vaults:3 | Identified the +0 crystal plate armour "Orrat" {rF++ rCorr}
                  | (Okawaru gifted it to you on level 3 of the Vaults)
 56072 | Vaults:3 | Reached XP level 22. HP: 211/211 MP: 24/24
 56089 | Vaults:3 | Received a gift from Okawaru
 56107 | Vaults:3 | Found a staircase to the Crypt.
 58174 | Vaults:5 | Entered Level 5 of the Vaults
 58221 | Vaults:4 | Received a gift from Okawaru
 58545 | Vaults:5 | Noticed an ancient lich
 58806 | Vaults:5 | Noticed an ancient lich
 58940 | Vaults:4 | Killed an ancient lich
 58940 | Vaults:4 | Received a gift from Okawaru
 58969 | Vaults:4 | Got an ichor-stained plate armour {god gift}
 58982 | Vaults:4 | Identified the +0 plate armour "Suqeriom" {-Cast Regen+
                  | Int+3} (Okawaru gifted it to you on level 4 of the Vaults)
 59030 | Vaults:5 | Noticed Mennas
 59036 | Vaults:4 | Killed an ancient lich
 59316 | Vaults:4 | Killed Mennas
 59316 | Vaults:4 | Reached skill level 27 in Shields
 59736 | Vaults:5 | Reached XP level 23. HP: 165/220 MP: 26/26
 60584 | Vaults:5 | Received a gift from Okawaru
 60771 | Vaults:5 | Noticed Saint Roka
 62437 | Vaults:4 | Killed Saint Roka
 62972 | Vaults:5 | Identified the amulet of False Hope {*Corrode +Blink rN+
                  | Regen+ Slay+2}
 62977 | Vaults:5 | Identified the cursed +0 war axe of Evolution {flame,
                  | +Blink}
 62980 | Vaults:4 | Received a gift from Okawaru
 65098 | Vaults:5 | Got a silver rune of Zot
 65106 | Vaults:5 | Got an ancient scale mail
 65107 | Vaults:5 | Identified the cursed +0 scale mail of Jesh {rCorr Str+2
                  | Stlth+} (You found it on level 5 of the Vaults)
 65277 | Vaults:5 | Got an ichor-stained cloak
 65288 | Vaults:5 | Identified the +1 cloak "Jitwycho" {rC+ MP+9} (You found it
                  | on level 5 of the Vaults)
 66571 | Depths:1 | Entered Level 1 of the Depths
 66615 | Depths:1 | Found a gateway to Hell.
 66660 | Depths:1 | Found a gateway to a ziggurat.
 66671 | Depths:1 | Received a gift from Okawaru
 66679 | Depths:1 | Identified the +0 long sword "Boyreosk" {venom, rC++ Str+2}
                  | (Okawaru gifted it to you on level 1 of the Depths)
 67027 | Depths:1 | Reached XP level 24. HP: 231/233 MP: 27/27
 67159 | Depths:1 | Received a gift from Okawaru
 68686 | Depths:2 | Received a gift from Okawaru
 68775 | Depths:2 | Identified the +1 scale mail of the Past {rF+ Regen+ Int+2}
                  | (Okawaru gifted it to you on level 2 of the Depths)
 69241 | Depths:2 | Found a runed translucent door.
 69247 | Depths:2 | Found a runed translucent door.
 70007 | Depths:3 | Got an encrusted kite shield
 70354 | Depths:3 | Found a one-way gate leading to the halls of Pandemonium.
 70604 | Depths:3 | Noticed Tomui's ghost (journeyman TeBe)
 70604 | Depths:3 | Noticed an ancient lich
 70715 | Depths:3 | Found a runed translucent door.
 70721 | Depths:3 | Received a gift from Okawaru
 70777 | Depths:3 | Found a runed translucent door.
 70779 | Depths:3 | Noticed an ancient lich
 70928 | Depths:3 | Killed an ancient lich
 70951 | Depths:3 | Reached XP level 25. HP: 135/245 MP: 23/27
 71309 | Depths:3 | Found a runed translucent door.
 71313 | Depths:3 | Found a runed translucent door.
 71865 | Depths:3 | Killed Tomui's ghost
 71905 | Depths:3 | Killed an ancient lich
 71905 | Depths:3 | Received a gift from Okawaru
 72443 | Depths:4 | Noticed a juggernaut
 72474 | Depths:4 | Killed a juggernaut
 72489 | Depths:4 | Received a gift from Okawaru
 72511 | Depths:4 | Noticed an ancient lich
 72512 | Depths:4 | Received a gift from Okawaru
 72519 | Depths:4 | Killed an ancient lich
 72536 | Depths:4 | Got a smelly ring mail {god gift}
 73047 | Depths:4 | Found a one-way gate to the infinite horrors of the Abyss.
 73246 | Depths:4 | Found Cioqaror's Demolitions Depot.
 73688 | Depths:5 | Entered Level 5 of the Depths
 73701 | Depths:5 | Noticed a juggernaut
 73728 | Depths:5 | Killed a juggernaut
 73836 | Depths:5 | Found a magical portal.
 73855 | WizLab   | Entered The Roulette of Golubria
 73855 | WizLab   | Found a transporter.
 73870 | WizLab   | Found a corrupted altar of Lugonu.
 73930 | WizLab   | Found a transporter.
 73986 | WizLab   | Found a transporter.
 74002 | WizLab   | Found a transporter.
 74035 | WizLab   | Found a transporter.
 74056 | WizLab   | Found a transporter.
 74117 | WizLab   | Found a transporter.
 74149 | WizLab   | Found a transporter.
 74151 | WizLab   | Found a transporter.
 74218 | WizLab   | Found a transporter.
 74221 | WizLab   | Found a corrupted altar of Lugonu.
 74571 | WizLab   | Found a transporter.
 74627 | WizLab   | Found a transporter.
 74675 | WizLab   | Found a transporter.
 74675 | WizLab   | Found a transporter.
 74830 | WizLab   | Found a transporter.
 74830 | WizLab   | Found a transporter.
 74921 | WizLab   | Found a transporter.
 74934 | WizLab   | Identified Golubria's Grimoire of Orientation
 74942 | WizLab   | Got a translucent cloak
 74945 | WizLab   | Got a distressingly furry cloak
 74947 | WizLab   | Identified Golubria's Volume of Quantum Leap
 75005 | WizLab   | Identified the -3 cloak "Goise" {Dex+6} (You found it in a
                  | wizard's laboratory)
 75015 | WizLab   | Identified the +2 cloak "Nexuver" {Dex+3} (You found it in
                  | a wizard's laboratory)
 75031 | WizLab   | Found a transporter.
 75047 | WizLab   | Received a gift from Okawaru
 75114 | WizLab   | Identified the +1 kite shield "Xadiwo" {-Cast MR+ rCorr
                  | Str+2} (You found it on level 3 of the Depths)
 75135 | WizLab   | Found a transporter.
 75135 | WizLab   | Found a transporter.
 75262 | WizLab   | Acquired a +2 double sword of electrocution
 76183 | Depths:5 | Received a gift from Okawaru
 76603 | Depths:5 | Reached XP level 26. HP: 243/259 MP: 28/28
 76761 | Depths:5 | Found a gate to the Realm of Zot.
 78088 | Crypt:1  | Entered Level 1 of the Crypt
 78173 | Crypt:1  | Paralysed by something for 3 turns
 79165 | Crypt:2  | Noticed Xtahua
 79730 | Crypt:2  | Received a gift from Okawaru
 79758 | Crypt:2  | Killed Xtahua
 80130 | Crypt:3  | Entered Level 3 of the Crypt
 80490 | Crypt:3  | Noticed Boris
 80498 | Crypt:3  | Killed Boris
 80566 | Crypt:3  | Noticed Sojobo
 80594 | Crypt:3  | Killed Sojobo
 80943 | Crypt:3  | Found a staircase to the Tomb.
 80943 | Crypt:3  | Noticed an ancient lich
 81074 | Crypt:3  | Found an ancient bone altar of Kikubaaqudgha.
 81087 | Crypt:3  | Noticed an ancient lich
 81093 | Crypt:3  | Killed an ancient lich
 81109 | Crypt:3  | Got a faintly glowing copper ring
 81109 | Crypt:3  | Got a steaming copper ring
 81115 | Crypt:3  | Identified the ring "Qerofaeh" {rN+ Dex+2} (You found it on
                  | level 3 of the Crypt)
 81117 | Crypt:3  | Identified the ring "Piqoh" {rN+ Int+6} (You found it on
                  | level 3 of the Crypt)
 81127 | Crypt:3  | Noticed an ancient lich
 81132 | Crypt:3  | Killed an ancient lich
 81140 | Crypt:3  | Identified the Catalogue of Clay
 81272 | Crypt:3  | Received a gift from Okawaru
 81302 | Crypt:3  | Killed an ancient lich
 81319 | Crypt:3  | Reached skill level 27 in Long Blades
 81337 | Crypt:3  | Found the +2 hood of the Assassin {Detection Stab+ Stlth++}
 81516 | Crypt:3  | Got a scintillating pewter amulet
 81517 | Crypt:3  | Identified the amulet "Heypafogg" {rN+ Regen+} (You found
                  | it on level 3 of the Crypt)
 82996 | Orc:2    | Bought a scroll of enchant armour for 105 gold pieces
 82996 | Orc:2    | Bought a potion of curing for 42 gold pieces
 83010 | Orc:2    | Bought a potion of curing for 36 gold pieces
 83107 | Orc:2    | Bought a potion of might for 48 gold pieces
 83117 | Orc:2    | Bought a runed scarf for 208 gold pieces
 83279 | Elf:3    | Bought a scroll of teleportation for 36 gold pieces
 83330 | Elf:3    | Bought a potion of mutation for 152 gold pieces
 83569 | Hell     | Entered the Vestibule of Hell
 83569 | Hell     | Noticed Geryon
 83592 | Hell     | Reached skill level 27 in Fighting
 83592 | Hell     | Reached XP level 27. HP: 252/273 MP: 24/28
 83775 | Hell     | Killed Geryon
 83780 | Hell     | Received a gift from Okawaru
 83828 | Hell     | Identified the +9 long sword of the Modern Curses {drain,
                  | *Noise rF+ rN++ MR+} (Okawaru gifted it to you in the
                  | Vestibule of Hell)
 83965 | Hell     | Found a gateway to the freezing wastes of Cocytus.
 84256 | Hell     | Found a gateway to the decaying netherworld of Tartarus.
 84364 | Hell     | Found a gateway to the ashen valley of Gehenna.
 84459 | Hell     | Found a gateway to the Iron City of Dis.
 84682 | Zot:1    | Entered Level 1 of the Realm of Zot
 84708 | Zot:1    | Received a gift from Okawaru
 84750 | Zot:1    | Got a faintly glowing cloak {god gift}
 84761 | Zot:1    | Identified the +0 cloak "Hecos" {*Contam +Blink rC- rN+++}
                  | (Okawaru gifted it to you on level 1 of the Realm of Zot)
 87245 | Zot:2    | Received a gift from Okawaru
 87278 | Zot:2    | Got a polished cloak {god gift}
 87289 | Zot:2    | Identified the -6 cloak of the Jackalope {rElec rC+ Dex-3
                  | SInv} (Okawaru gifted it to you on level 2 of the Realm of
                  | Zot)
 87422 | Zot:2    | Noticed an orb of fire
 87432 | Zot:2    | Killed an orb of fire
 88510 | Zot:3    | Reached skill level 27 in Armour
 88593 | Zot:3    | Reached skill level 10 in Invocations
 89400 | Zot:3    | Received a gift from Okawaru
 91203 | Zot:4    | Got a brightly glowing copper amulet
 91208 | Zot:4    | Identified the amulet of Gozag's Inspiration {RegenMP
                  | Int+5} (You found it on level 4 of the Realm of Zot)
 91512 | Zot:4    | Reached skill level 15 in Invocations
 91519 | Zot:4    | Received a gift from Okawaru
 91522 | Zot:4    | Got a steaming tower shield {god gift}
 91533 | Zot:4    | Identified the +6 tower shield of Divian {*Drain rPois
                  | Int+6 Slay+2} (Okawaru gifted it to you on level 4 of the
                  | Realm of Zot)
 91783 | Zot:5    | Entered Level 5 of the Realm of Zot
 92500 | Lair:1   | Acquired 1290 gold pieces
 92949 | Geh:1    | Entered Level 1 of Gehenna
 94204 | Geh:1    | Received a gift from Okawaru
 94241 | Geh:1    | Got a brightly glowing hat {god gift}
 94242 | Geh:1    | Identified the +1 hat "Sicsidiq" {rF- Int+4 Slay+5}
                  | (Okawaru gifted it to you on level 1 of Gehenna)
 95161 | Geh:2    | You fall into a shaft and drop 2 floors!
 96855 | Geh:4    | Received a gift from Okawaru
 98957 | Geh:6    | Received a gift from Okawaru
100293 | Geh:3    | Received a gift from Okawaru
100296 | Geh:3    | Got a smoking chain mail {god gift}
102153 | Geh:7    | Entered Level 7 of Gehenna
102366 | Geh:7    | Received a gift from Okawaru
102759 | Geh:7    | Received a gift from Okawaru
103260 | Lair:1   | Identified the +1 chain mail "Viludaecoi" {rF++} (Okawaru
                  | gifted it to you on level 3 of Gehenna)
104686 | Pan      | Entered the realm of Cerebov.
104686 | Pan      | Entered Pandemonium
105030 | Pan      | Received a gift from Okawaru
105631 | Pan      | Got a smouldering crystal plate armour
105634 | Pan      | Identified Sif Muna's Volume of the Noxious Entourage
105669 | Pan      | HP: 4/273 [Brimstone Fiend/damnation (39)]
105680 | Pan      | HP: 12/273 [balrug/divine providence (14)]
105686 | Pan      | Slain by a red devil

Illustrated notes

Levels and vault maps discovered:
D:1:      minmay_arrival_loop, layout_basic, serial_glass, glass_columns_a,
          glass_columns_c, glass_columns_b, glass_columns_a, glass_columns_c
D:2:      layout_rooms, nicolae_overflow_hidden_temple, first_ration
D:3:      kennysheep_six_static_rooms, layout_basic, overflow_temple_1_default,
          serial_glass, glass_columns_a, glass_columns_a, uniq_jessica
D:4:      layout_cave_pools, grunt_temple_overflow_holy_war,
          lemuel_doored_altar, uniq_menkaure
D:5:      layout_basic, lemuel_coloured_pillars_altar, minitemple, uniq_duvessa
D:6:      layout_loops_corners, minmay_temple_entry_statues_pillars,
          serial_bayou_crossing, uniq_eustachio
D:7:      layout_rooms, grunt_ogre_cave, minmay_manual_maat
D:8:      layout_layer_cave, erik_lair_dragon
D:9:      layout_roguey, lemuel_crystal_altar, kennysheep_mini, uniq_erolcha
D:10:     layout_basic, minivault_23
D:11:     layout_cross, orc_0_dummy, due_unseen_surprise
D:12:     layout_stronghold
D:13:     layout_basic, minmay_increasing_density
D:14:     layout_roguey, david_vaults_4, minmay_holes, serial_shops,
          kennysheep_little_box
D:15:     grunt_enter_depths_snipers, layout_stronghold,
          grunt_dithmenos_smoke_and_mirrors, skrybe_limestone_x,
          patterned_corridor
Lair:1:   layout_cave_pods, grunt_megastairs_5
Lair:2:   layout_regular_city
Lair:3:   layout_long_grid, uniq_nergalle
Lair:4:   layout_long_grid, swamp_mist, nicolae_spider_entry_tight_spaces,
          basic_altar, st_stairs_10
Lair:5:   layout_misc_corridors
Lair:6:   guppyfry_lair_end_dragon, layout_layer_cave, wormcave, slime_altar_1,
          serial_bayou_shore_a, grunt_megastairs_3
Swamp:1:  layout_falls_marsh, hangedman_swamp_pad, uniq_jorgrun
Swamp:2:  layout_falls_marsh, basic_altar, swamp_pool1,
          nicolae_swamp_baby_hydras
Swamp:3:  cheibrodos_swamp_mausoleum, layout_basic_swamp, basic_altar,
          swamp_pool2, cheibrodos_swamp_minitomb
Swamp:4:  swamp_alternative, layout_basic_swamp
Spider:1: layout_spider_delve
Spider:2: nicolae_spider_mines_1
Spider:3: layout_spider_delve
Spider:4: grunt_spider_rune_parallel, uniq_donald
Orc:1:    layout_caves, okawaru_metal_pillars_1_2
Orc:2:    st_orc_congregation, layout_caves, serial_shops,
          nicolae_shop_waterfront, shop_statue, shop_statue, shop, basic_altar
Elf:1:    layout_gridlike, ploomutoo_gammafunk_ghost_potion_laboratory,
          minmay_elf_annihilation, uniq_azrael, uniq_agnes, uniq_kirke
Elf:2:    layout_geoelf_octagon, uniq_roxanne
Elf:3:    minmay_elf_hall_not_hex, layout_rooms, serial_shops, shop,
          grunt_ministairs_3, st_stairs_11, minmay_shoptagon
Vaults:1: vaults_room_corners, vaults_standard_mumra_x,
          nicolae_vaults_fighting_squares, nicolae_vaults_three_branches,
          nicolae_vaults_little_ls, ontoclasm_vaults_idyll, vaults_dpeg_doors,
          nicolae_vaults_little_squares_1, v_misc_18, v_misc_27, v_pattern_1,
          ontoclasm_vaults_ring_small, vaults_room_pools,
          layout_vaults_maze_snakey, portal_desolation_entry_salt
Vaults:2: nicolae_vaults_hallways_thing, v_pattern_5, vaults_mumra_hex,
          ontoclasm_vaults_twist, nicolae_vaults_bisected_exclaves,
          nicolae_vaults_yaktaur_gun_rack, layout_vaults_omnigrid, serial_shops,
          nicolae_shop_statue_plus, uniq_asterion, uniq_jory, uniq_frederick
Vaults:3: v_misc_10, vaults_room_fancy_cross,
          minmay_crypt_entry_skeletal_spiral, grunt_vaults_hallway_long,
          nicolae_vaults_network_barrier, grunt_vaults_hallway_short,
          vaults_room_pools, nicolae_vaults_arrows,
          nicolae_vaults_little_squares_1, nicolae_vaults_little_squares_4,
          hangedman_vaults_cutoff, layout_vaults_omnicross, serial_shops,
          nicolae_shop_statue_plus
Vaults:4: ontoclasm_vaults_fault, hangedman_vaults_restitches,
          vaults_dpeg_spiral, v_misc_27, nicolae_vaults_little_squares_4,
          hangedman_vaults_stretched_pinwheel, nicolae_vaults_network_s,
          layout_vaults_chaotic_city
Vaults:5: serial_shops, uniq_saint_roka, uniq_mennas
Crypt:1:  layout_catacombs, minmay_misc_feat_alley
Crypt:2:  layout_gridlike, serial_sigils_hangedman_writhe, uniq_xtahua
Crypt:3:  quadcrypt_mu, uniq_boris, uniq_sojobo
Depths:1: layout_cave_pools, enter_ziggurat_c, grunt_mini_vestibule,
          serial_co_window_serial, co_window_corner_a, co_window_corner_a,
          co_window_paths_a, co_window_paths_b, co_window_paths_a,
          co_window_corner_b, co_window_unsneaky_path_c, co_window_corner_b,
          co_window_broadway_b, co_window_corner_ca, co_window_unsneaky_path_b,
          co_window_corner_ca, co_window_sun, glass_columns_c, glass_columns_b,
          glass_columns_a, glass_columns_b, drop_trap, st_stairs_13
Depths:2: thingy_vault_2, layout_basic, kennysheep_doodads, pf_coc_iceberg,
          drop_trap, minivault_14
Depths:3: minmay_expanding_circles, layout_long_grid, rand_demon_pan_entry_3,
          muffindrake_ghost_dual_entry, grunt_hell_entry_dis_grunt,
          minmay_fractal_squares_diagonal_5
Depths:4: minmay_connected_boxes_in_corner, layout_cave_pools, fountainhead,
          abyss_entry, hell_entry, nicolae_blasting_shop, due_unseen_surprise,
          infiniplex_staircase_zigzag_3
Depths:5: evilmike_zot_entry_round, layout_cave_pools, rand_demon_pan_entry_8,
          mu_enter_wizlab_1, hangedman_abyss_entry_splay, glass_columns_b,
          hell_entry
Hell
Geh:1:    layout_gehenna_lava_caves
Geh:2:    layout_gehenna_pools_box
Geh:3:    layout_gehenna_pools_triple
Geh:4:    layout_gehenna_pools_basic
Geh:5:    layout_gehenna_pools_basic
Geh:6:    layout_gehenna_pools_box, nicolae_geh_single_fiery_grave,
          nicolae_geh_amphitheater
Geh:7:    geh_grunt_pentagon
Zot:1:    layout_misc_corridors, grunt_megastairs_1
Zot:2:    layout_twisted_circle
Zot:3:    layout_gridlike, grunt_ministairs_6, guppyfry_library_mini
Zot:4:    kennysheep_blocky_room, layout_misc_corridors
Zot:5:    layout_basic
Pan:      evilmike_cerebov_lava, layout_gridlike, nicolae_pan_mnolegish_4

Skill      XL: |  1  2  3  4  5  6  7  8  9 10 11 12 13 14 15 16 17 18 19 20 21 22 23 24 25 26 27 |
---------------+----------------------------------------------------------------------------------+-----
Fighting       | 4 5 6 7 8 9 11 12 13 14 15 16 17 18 19 20 21 22 24 25 27 | 27.0
Long Blades    | 3 4 5 7 9 11 12 13 14 15 16 17 18 19 20 21 22 23 24 25 27 | 27.0
Shields        | 4 5 6 7 8 10 11 13 15 16 18 19 20 22 23 24 25 27 | 27.0
Armour         | 4 5 6 7 8 9 10 12 13 14 15 16 17 18 19 20 21 22 23 27 | 27.0
Dodging        | 1 2 3 4 5 6 7 8 9 10 13 | 13.0
Stealth        | 1 2 3 4 |  4.3
Invocations    | 1 2 3 4 5 6 7 8 24 | 24.0
Evocations     | 1 2 |  2.0

Action                   |  1- 3 |  4- 6 |  7- 9 | 10-12 | 13-15 | 16-18 | 19-21 | 22-24 | 25-27 || total
-------------------------+-------+-------+-------+-------+-------+-------+-------+-------+-------++-------
Melee: Long sword        |   104 |   132 |   365 |   516 |       |       |       |       |       ||  1117
       Headbutt          |    16 |    22 |    77 |   222 |   286 |   328 |   530 |   478 |  1316 ||  3275
       Falchion          |       |       |       |   309 |    66 |       |       |       |       ||   375
       Scimitar          |       |       |       |       |   992 |   557 |       |       |       ||  1549
       Demon blade       |       |       |       |       |       |   680 |  1465 |  1309 |  2129 ||  5583
       Double sword      |       |       |       |       |       |       |       |       |   925 ||   925
       Eudemon blade     |       |       |       |       |       |       |       |       |   438 ||   438
Invok: Heroism           |       |       |       |    21 |    21 |    17 |    11 |    27 |    13 ||   110
       Finesse           |       |       |       |     1 |     2 |       |       |     3 |     4 ||    10
Evoke: Wand              |       |       |       |    18 |     6 |       |     1 |     2 |     5 ||    32
  Use: Potion            |     1 |     2 |       |     3 |     2 |     3 |     4 |     3 |     9 ||    27
       Scroll            |       |     2 |     6 |    10 |    12 |     7 |    10 |    12 |    39 ||    98
 Stab: Distracted        |       |       |       |       |       |     2 |       |       |       ||     2
       Confused          |       |       |       |       |       |     1 |       |       |       ||     1
       Paralysed         |       |       |       |       |       |       |     1 |       |       ||     1
  Eat: Chunk             |     1 |     7 |    15 |    26 |    37 |    30 |    32 |    29 |    41 ||   218
       Ration            |       |       |     1 |     1 |     2 |     2 |     2 |     5 |    19 ||    32
Armor: Scale mail        |    48 |    62 |       |       |       |       |       |       |       ||   110
       Chain mail        |       |    12 |   147 |   238 |   320 |   486 |   484 |       |       ||  1687
       Crystal plate arm |       |       |       |       |       |       |    66 |   521 |   239 ||   826
       Gold dragon scale |       |       |       |       |       |       |       |       |  1313 ||  1313
       Skin              |       |       |       |       |       |       |       |       |    18 ||    18
Dodge: Dodged            |    41 |    46 |   131 |   360 |   384 |   416 |   605 |   408 |  1233 ||  3624
Block: Kite shield       |    68 |    81 |   212 |   514 |   857 |  1032 |  1714 |  1295 |  3619 ||  9392
       Reflection        |       |       |       |       |       |       |       |    20 |    30 ||    50
       Rpst.: Long sword |    10 |    11 |    36 |    64 |       |       |       |       |       ||   121
       Falchion          |       |       |       |    26 |    11 |       |       |       |       ||    37
       Scimitar          |       |       |       |       |    60 |    32 |       |       |       ||    92
       Demon blade       |       |       |       |       |       |    49 |   122 |    58 |   139 ||   368
       Double sword      |       |       |       |       |       |       |       |       |    57 ||    57
       Eudemon blade     |       |       |       |       |       |       |       |       |    17 ||    17
